 Adventure DCSS version bcrawl-1.27.3 (webtiles) character file.

Game seed: 6181547456870754013

145622 galech the Chopper (level 5, 42/42 HPs)
             Began as a Demonspawn Fighter on July 31, 2020.
             Was an Initiate of Okawaru.
             Quit the game on level 4 of the Dungeon.
             The game lasted 00:03:17 (3468 turns).

galech the Chopper (Demonspawn Fighter)             Turns: 3468, Time: 00:03:17

Health: 42/42      AC:  7    Str: 16    XL:     5   Next: 97%
Magic:  5/5        EV:  6    Int: 10    God:    Okawaru [......]
Gold:   294        SH: 11    Dex: 14    Spells: 4/4 levels left
                                        Lives:  1   Deaths: 1

rFire    . . .     SeeInvis .   a - +0 war axe
rCold    . . .     Gourm    .   o - +2 medium shield
rNeg     + . .     Faith    .   b - +0 scale mail
rPois    .         Spirit   +   (no helmet)
rElec    .         Reflect  .   (no cloak)
rCorr    .         Harm     .   (no gloves)
MR       .....                  (no boots)
Stlth    +.........             j - amulet of guardian spirit
HPRegen  0.14/turn              s - ring of positive energy
MPRegen  0.09/turn              (no ring)

@: no status effects
A: claws 2, nightstalker 1
a: Renounce Religion


You were on level 4 of the Dungeon.
You worshipped Okawaru.
Okawaru was noncommittal.
You were not hungry.

You visited 1 branch of the dungeon, and saw 4 of its levels.

You collected 294 gold pieces.

Inventory:

Hand Weapons
 a - a +0 war axe (weapon)
Armour
 b - a +0 scale mail (worn)
 o - a +2 medium shield (worn)
Jewellery
 j - an amulet of guardian spirit (around neck)
 s - a ring of positive energy (left claw)
Wands
 v - a wand of scattershot (8)
Scrolls
 d - a scroll of teleportation
 g - 6 scrolls of remove curse
 l - a scroll of fear {unknown}
 n - a scroll of enchant weapon {unknown}
 r - a scroll of magic mapping {unknown}
 u - 2 scrolls of blinking {unknown}
Potions
 c - a potion of magic {unknown}
 f - 2 potions of ambrosia {unknown}
 h - 2 potions of curing {unknown}
 i - 3 potions of flight {unknown}
 k - 2 potions of heal wounds {unknown}
 m - 2 potions of mutation {unknown}
 p - a potion of degeneration {unknown}
 q - a potion of cancellation {unknown}
Comestibles
 e - 8 rations {!d}


   Skills:
 + Level 3.9 Fighting
 + Level 4.2 Axes
 + Level 3.8 Armour
 + Level 2.1 Dodging
 + Level 0.4 Stealth
 + Level 4.0 Shields


You had 4 spell levels left.
You didn't know any spells.
Your spell library was empty.

Dungeon Overview and Level Annotations

Branches:
Dungeon (4/12)
 Temple: D:4-7

Altars:
Okawaru
Trog
Uskayaw
Vehumet
Zin


Innate Abilities, Weirdness & Mutations

You have very sharp fingernails.
You are slightly more attuned to the shadows.


Message History

You are too injured to fight recklessly!
You are too injured to fight recklessly!
You are too injured to fight recklessly!
You are too injured to fight recklessly!
You are too injured to fight recklessly!
You are too injured to fight recklessly!
You are too injured to fight recklessly!
You are too injured to fight recklessly!
Your shield and scale mail prevent you from hitting the ogre.
The ogre is lightly wounded.
You hit the leopard gecko.
You kill the leopard gecko!
Okawaru accepts your kill.
The ogre hits you with a +0 giant club!!
Ouch! That really hurt!
You die...
Xom reaches out...
You are now level 5!
You rejoin the land of the living...
Are you sure you want to abandon this character and quit the game? (Confirm with "yes".)

##.....# #.# #...##.#####.#
#.........##.#
#....#.......#
........#.##################
#.......#.# ###............#
.....##.#.###......#######.#
#...###.#.##.......# #.#
#.>.......##....@..#
#.######
#.......####..#...##
#......# #...##### #..##.##
######.# #...# #..##.# #.#
#>..##### #..##.# #.#
#...#...## #..##.# #.#
.........###...#.# #.#
...........รทรท..#.. #.#
.........####.#### ##.#


There were no monsters in sight!

Vanquished Creatures
  Sigmund (D:2)
  A sky beast (D:4)
  2 orc priests (D:4)
  An orc wizard (D:4)
  2 worker ants (D:4)
  3 adders
  An ooze (D:2)
  A worm (D:4)
  3 dart slugs
  8 leopard geckos
  4 orcs
  2 ball pythons (D:4)
  2 giant cockroaches
  7 goblins
  7 hobgoblins
  3 jackals (D:4)
  2 quokkas
  4 bats
  3 frilled lizards (D:1)
  13 kobolds
  A quokka skeleton (D:4)
71 creatures vanquished.

Notes
Turn   | Place    | Note
-------+----------+-------------------------------------------
     0 | D:1      | galech the Demonspawn Fighter began the quest for the Orb.
     0 | D:1      | Reached XP level 1. HP: 18/18 MP: 1/1
   394 | D:1      | Gained mutation: You have sharp fingernails. [demonic
                  | ancestry]
   394 | D:1      | Reached XP level 2. HP: 24/24 MP: 2/2
   728 | D:1      | Reached XP level 3. HP: 24/29 MP: 3/3
  1088 | D:2      | Noticed Sigmund
  1104 | D:2      | Killed Sigmund
  1104 | D:2      | Reached skill level 1 in Dodging
  1104 | D:2      | Gained mutation: You are slightly more attuned to the
                  | shadows. [demonic ancestry]
  1104 | D:2      | Reached XP level 4. HP: 18/36 MP: 2/4
  1104 | D:2      | Gained mutation: You have very sharp fingernails. [demonic
                  | ancestry]
  1104 | D:2      | Reached XP level 5. HP: 21/41 MP: 2/5
  1395 | D:2      | Found a radiant altar of Vehumet.
  1513 | D:2      | Found an iron altar of Okawaru.
  1531 | D:2      | Became a worshipper of Warmaster Okawaru
  1829 | D:3      | Found a hide-covered altar of Uskayaw.
  1830 | D:3      | Noticed a +0 hand axe
  1830 | D:3      | Noticed a +0 hand axe
  2029 | D:3      | Found a glowing silver altar of Zin.
  2860 | D:4      | Noticed a sky beast
  2880 | D:4      | Killed a sky beast
  2880 | D:4      | Reached XP level 6. HP: 7/48 MP: 2/6
  3157 | D:4      | Found a bloodstained altar of Trog.
  3213 | D:4      | HP: 2/48 [orc priest/+0 short sword (2)]
  3467 | D:4      | Slain by an ogre
  3468 | D:4      | Reached XP level 5. HP: -3/42 MP: 0/5
  3468 | D:4      | Quit the game

Skill      XL: |  1  2  3  4  5  6 |
---------------+-------------------+-----
Shields        | 3 4 |  4.0
Armour         | 3 |  3.8
Axes           | 2 3 4 |  4.2
Dodging        | 1 2 |  2.1
Fighting       | |  3.9
Stealth        | |  0.4

Action                   |  1- 3 |  4- 6 || total
-------------------------+-------+-------++-------
Melee: War axe           |   104 |   159 ||   263
  Use: Potion            |     1 |       ||     1
       Scroll            |       |     2 ||     2
  Eat: Chunk             |     4 |    15 ||    19
Armor: Scale mail        |    54 |    93 ||   147
Dodge: Dodged            |    19 |    32 ||    51
Block: Medium shield     |    62 |    99 ||   161
